Map: Dusk Towers

Players

LilDicky - Winner!

  • Race: Terran Terran
  • League: Diamond

Kenudo

  • Race: Protoss Protoss
  • League: Gold

VOD

http://www.twitch.tv/tumescentpie

Description

Time

  • Played on: Dec. 2, 2015, 12:44 p.m.
  • Length: 4:33
Show
View Real Time Build Order
Export as new Build Order

LilDicky Terran - Winner!

Build Orders:  

Get SALT Encoding   

  12  0:01  SCV  
  13  0:13  SCV  
  14  0:18  Supply Depot  
  14  0:25  SCV  
  15  0:28  Refinery  
  15  0:39  SCV  
  16  0:47  Barracks  
  16  0:52  SCV  
  17  1:09  SCV  
  18  1:20  Supply Depot  
  18  1:23  SCV  
  19  1:35  Marine  
  19  1:39  Factory, Orbital Command  
  20  1:56  Marine  
  21  2:10  SCV  
  21  2:11  Barracks  
  21  2:12  Barracks  
  22  2:21  Barracks Reactor  
  22  2:25  Refinery  
  22  2:29  SCV  
  23  2:42  Widow Mine  
  25  2:51  SCV  
  25  2:57  Supply Depot  
  25  2:58  Marine x2  
  26  2:59  Barracks Tech Lab  
  26  3:00  Barracks Tech Lab  
  26  3:03  SCV  
  28  3:11  Widow Mine  
  30  3:25  Marine x3  
  30  3:26  Marine  
  34  3:30  Supply Depot  
  34  3:43  Marine x2  
  34  3:44  Marauder  
  38  3:52  Widow Mine  
  38  3:54  Marauder  
  42  3:56  SCV  
  42  4:01  Marine  
  44  4:05  Marauder  
Show
View Real Time Build Order
Export as new Build Order

Kenudo Protoss 

Build Orders:  

Get SALT Encoding   

  12  0:01  Probe (Chrono Boost)  
  13  0:11  Probe (Chrono Boost)  
  14  0:19  Pylon  
  14  0:22  Probe (Chrono Boost)  
  15  0:38  Probe (Chrono Boost)  
  15  0:41  Gateway  
  16  0:48  Probe (Chrono Boost)  
  16  0:49  Assimilator  
  17  0:59  Probe (Chrono Boost)  
  18  1:11  Probe (Chrono Boost)  
  18  1:13  Pylon  
  19  1:22  Probe (Chrono Boost)  
  19  1:23  Assimilator  
  20  1:30  Cybernetics Core  
  21  1:32  Probe (Chrono Boost)  
  21  1:43  Probe (Chrono Boost)  
  22  2:03  Nexus  
  22  2:07  Mothership Core (Chrono Boost)  
  24  2:23  Stalker  
  24  2:26  Probe (Chrono Boost)  
  27  2:39  Pylon  
  27  2:50  Stargate  
  27  2:56  Probe (Chrono Boost)  
  28  2:59  Stalker  
  30  3:14  Gateway  
  24  3:42  Forge, Assimilator  
  24  3:47  Assimilator  
  24  4:04  Pylon  
  24  4:22  Photon Cannon  
Tags
 
Add a new tag
Caveats
  • Supply blocks, unpowered buildings, or Contaminate may cause inaccurate times.
  • Supply counts are checked every 10 seconds.